 Dungeon Crawl Stone Soup version 0.28-a0-10-g964c8b829e (webtiles) character file.

Game seed: 4752074201430328240

5 Sobieck the Ruffian (level 1, 18/18 HPs)
             Began as a Ghoul Gladiator on July 25, 2021.
             Was a Follower of Vehumet.
             Safely got out of the dungeon.
             The game lasted 00:00:40 (356 turns).

Sobieck the Ruffian (Ghoul Gladiator)                Turns: 356, Time: 00:00:41

Health: 18/18      AC:  4    Str: 17    XL:     1   Next: 80%
Magic:  0/0        EV: 12    Int:  3    God:    Vehumet [*.....]
Gold:   14         SH:  0    Dex: 10    Spells: 0/0 levels left

rFire   . . .      SeeInvis .     - Unarmed
rCold   + . .      Faith    .   (no shield)
rNeg    + + +      Spirit   .   a - +0 leather armour
rPois   ∞          Reflect  .   b - +0 helmet
rElec   .          Harm     .   (no cloak)
rCorr   .          Rampage  .   (no gloves)
Will    .....                   (no boots)
Stlth   +.........              (no amulet)
HPRegen 0.06/turn               (no ring)
MPRegen 0.07/turn               (no ring)

@: no status effects
A: claws 1, cold resistance 1, negative energy resistance 3, inhibited
regeneration, torment resistance 2
a: Renounce Religion


You escaped.
You worshipped Vehumet.
Vehumet was aware of your devotion.
You visited 1 branch of the dungeon, and saw 1 of its levels.

You collected 14 gold pieces.


Innate Abilities, Weirdness & Mutations

You thrive by killing the living.
You are immune to poison.
You have sharp fingernails.
Your flesh is cold resistant. (rC+)
You are immune to negative energy. (rN+++)
You do not regenerate when monsters are visible.
You are immune to unholy pain and torment.


   Skills:
 + Level 2.3 Fighting
 - Level 1.7 Throwing
 + Level 2.7 Dodging
 * Level 3.5 Unarmed Combat


You couldn't memorise any spells.
You didn't know any spells.
Your spell library was empty.

Inventory:

Missiles
 c - 3 throwing nets (quivered) {=f!fthrowing}
 d - 10 stones {throwing}
Armour
 a - a +0 leather armour (worn)
 b - a +0 helmet (worn)

Dungeon Overview and Level Annotations

Branches:
Dungeon (1/15)

Altars:
Vehumet

#.........#
#..≈_
....#.......##
#..≈≈
###.###.###.#
#.... #
###.###.#
####.###
#.....#..
#....#
#.###.###.
#.#.#### #.#
#...#.#..
#.....
#.#####.# ##
######
#.#@..#.#
#.###.#.###
###...#...#
###.#####.###
#...# #.....#
#.#####.###.#.#
#...#...# #.#.#
###.#.#.###.#.#
#...#.....#.#


There were no monsters in sight!


Message History

😮 HP[-3]
You take 3 damage, and now have 11/17 hp.
You are too injured to fight recklessly!
You are too injured to fight recklessly!
You are too injured to fight recklessly!
Unknown command.
You claw the frilled lizard!
You kill the frilled lizard!
You barely miss the hobgoblin. Your claw misses the hobgoblin.
The hobgoblin hits you but does no damage.
You claw the hobgoblin!
You kill the hobgoblin!
You see here a frilled lizard corpse.
You enter the shallow water.
Moving in this stuff is going to be slow.
You now have 10 gold pieces (gained 1).
You now have 11 gold pieces (gained 1).
There is a faded altar of an unknown god here. 😮 HP[+1]
You cannot tell which god this altar belongs to.
Convert to them anyway?
Okay, then.
You cannot tell which god this altar belongs to.
Convert to them anyway?
Vehumet accepts your prayer! Vehumet welcomes you!
You can now gain magical power from killing.
Vehumet offers you knowledge of Foxfire.
You enter the shallow water.
Moving in this stuff is going to be slow.
You now have 12 gold pieces (gained 1).
You now have 13 gold pieces (gained 1).
There is a radiant altar of Vehumet here.
You enter the shallow water.
Moving in this stuff is going to be slow.
You now have 14 gold pieces (gained 1).
You start resting. 😎 HP[+5]
Your hp is fully restored (17).
A bat comes into view.
Really fire
c - 3 throwing nets {=f!fthrowing}? [Y]es or [N]o only, please.
Really fire
c - 3 throwing nets {=f!fthrowing}? [Y]es or [N]o only, please.
Really fire
c - 3 throwing nets {=f!fthrowing}?
Unknown command.
The bat barely misses you.
You miss the bat. The bat barely misses you. The bat closely misses you.
The bat hits you but does no damage.
You see here 10 stones {throwing}.
You scratch the bat.
You kill the bat!
Vehumet accepts your kill.
No target in view!
No target in view!
d - 10 stones {throwing} A quokka comes into view.
The quokka bites you. 😕 HP[-1]
You take 1 damage, and now have 16/17 hp.
You closely miss the quokka. The quokka closely misses you.
You closely miss the quokka.
The quokka bites you but does no damage.
You barely miss the quokka. The quokka completely misses you.
You closely miss the quokka.
The quokka bites you but does no damage.
You closely miss the quokka. The quokka closely misses you.
You closely miss the quokka. Your claw misses the quokka.
The quokka closely misses you.
You scratch the quokka. The quokka completely misses you.
You barely miss the quokka.
The quokka bites you but does no damage.
You barely miss the quokka. The quokka barely misses you.
You closely miss the quokka. The quokka misses you.
You claw the quokka!
You kill the quokka!
Vehumet accepts your kill.
You feel better. 😎 HP[+1]
Your hp is fully restored (17).
No target in view!
(D) Dungeon
Where to? (? - help)
Okay, then.
You see here a frilled lizard corpse.
A kobold comes into view. It is wielding a +0 short sword.
The kobold shouts!
You can't go up here!
The kobold hits you with a +0 short sword. 😕 HP[-1]
You take 1 damage, and now have 16/17 hp.
You scratch the kobold.
You kill the kobold!
Vehumet accepts your kill.
You feel better. 😎 HP[+2]
You now have 18 max hp (+1).
Your hp is fully restored (18).
No target in view!
No target in view!
There is a staircase leading out of the dungeon here.
Are you sure you want to leave the Dungeon?
This will make you lose the game!
You have escaped!

Action                   || total
-------------------------++-------
Melee: Unarmed           ||    19
Armor: Leather armour    ||     6
Dodge: Dodged            ||    10

Levels and vault maps discovered:
D:1:      elethiomel_arrival_maze, layout_loops_corners,
          hellmonk_ecumenical_altar_pennies_from_heaven, nrook_mini_vaults,
          minmay_misc_feat_five

Notes
Turn   | Place    | Note
-------+----------+-------------------------------------------
     0 | D:1      | Sobieck the Ghoul Gladiator began the quest for the Orb.
     0 | D:1      | Reached XP level 1. HP: 17/17 MP: 0/0
     0 | D:1      | magus.rc [v1.9.6]
   130 | D:1      | Found a faded altar of an unknown god.
   154 | D:1      | Became a worshipper of Vehumet
   154 | D:1      | Reached * piety under Vehumet
   154 | D:1      | Offered knowledge of Foxfire by Vehumet.
   356 | D:$      | Safely got out of the dungeon.

Vanquished Creatures
  A hobgoblin (D:1)
  A kobold (D:1)
  A quokka (D:1)
  A bat (D:1)
  A frilled lizard (D:1)
5 creatures vanquished.

Table legend:
 A = Non-vault XP
 B = Vault XP
 C = Vault XP percentage of total XP
 D = Non-vault monster count
 E = Vault monster count
 F = Vault count percentage of total count
                 A         B        C        D         E       F
            +---------+---------+-------+---------+---------+-------
      Total |       8 |       0 |   0.0 |       5 |       0 |   0.0
            +---------+---------+-------+---------+---------+-------
        D:1 |       8 |       0 |   0.0 |       5 |       0 |   0.0
            +---------+---------+-------+---------+---------+-------

Illustrated notes

Table legend:
 A = Kills in this place as a percentage of kills in entire the game.
 B = Kills by you in this place as a percentage of kills by you in the entire game.
 C = Kills by friends in this place as a percentage of kills by friends in the entire game.
 D = Other kills in this place as a percentage of other kills in the entire game.
 E = Experience gained in this place as a percentage of experience gained in the entire game.
 F = Experience gained in this place divided by the number of levels of this place that you have seen.
                   A       B       C       D       E      F
               +-------+-------+-------+-------+-------+----------------------
         Total | 100.0 | 100.0 |   N/A |   N/A | 100.0 |   8.0
       Dungeon | 100.0 | 100.0 |   N/A |   N/A | 100.0 |   8.0
               +-------+-------+-------+-------+-------+----------------------

Table legend: (Time is in decaauts)
 A = Elapsed time spent in this place.
 B = Non-inter-level travel time spent in this place.
 C = Inter-level travel time spent in this place.
 D = Time resting spent in this place.
 E = Time spent auto-exploring this place.
 F = Levels seen in this place.
 G = Mean time per level.
                   A        B        C        D        E       F      G
               +--------+--------+--------+--------+--------+-----+--------+
         Total |    356 |    296 |     60 |     88 |    148 |   1 |  356.0 |
       Dungeon |    356 |    296 |     60 |     88 |    148 |   1 |  356.0 |
               +--------+--------+--------+--------+--------+-----+--------+

Top non-repeatable levels by time:
     D:1: 356 daAuts
